 Dungeon Crawl Stone Soup version 0.29.0 (webtiles) character file.

Game seed: 4316511001066842791

6 Dani the Conjurer (level 2, -2/19 HPs)
             Began as a Formicid Conjurer on Sept 4, 2022.
             Slain by a kobold
             ... wielding a +0 short sword
              (4 damage)
             ... on level 1 of the Dungeon.
             The game lasted 00:01:16 (585 turns).

Dani the Conjurer (Formicid Conjurer)                Turns: 585, Time: 00:01:17

Health: -2/19      AC:  2    Str: 11    XL:     2   Next: 0%
Magic:  1/5        EV: 12    Int: 17    God:
Gold:   15         SH:  0    Dex: 12    Spells: 4/5 levels left

rFire   . . .      SeeInvis +   (no weapon)
rCold   . . .      Faith    .   (no shield)
rNeg    . . .      Spirit   .   a - +0 robe
rPois   .          Reflect  .   (helmet unavailable)
rElec   .          Harm     .   (no cloak)
rCorr   .          Rampage  .   (no gloves)
Will    .....                   (no boots)
Stlth   ++........              (no amulet)
HPRegen 0.06/turn               (no ring)
MPRegen 0.09/turn               (no ring)

@: no status effects
A: permanent stasis, dig shafts and tunnels, antennae 3, four strong arms
a: Dig, Shaft Self


You were on level 1 of the Dungeon.
You visited 1 branch of the dungeon, and saw 1 of its levels.

You collected 15 gold pieces.

Inventory:

Armour
 a - a +0 robe (worn)
Potions
 b - a potion of magic


   Skills:
 + Level 1.4 Axes
 - Level 1.7 Dodging
 - Level 2.4 Stealth
 - Level 2.1 Spellcasting
 - Level 3.6 Conjurations


You had 4 spell levels left.
You knew the following spells:

 Your Spells              Type           Power      Damage    Failure   Level
a - Magic Dart            Conj           56%        1d5       4%          1

Your spell library contained the following spells:

 Spells                   Type           Power      Damage    Failure   Level
 Searing Ray              Conj           28%        2d5       7%          2
 Dazzling Flash           Conj/Hex       14%        N/A       26%         3
 Confusing Touch          Hex            1%         N/A       50%         3
 Fulminant Prism          Conj/Hex       3%         3d6       65%         4
 Iskenderun's Mystic Bla  Conj/Tloc      7%         2d4       65%         4
 Yara's Violent Unravell  Hex/Tmut       0%         3d3       99%         5
 Enfeeble                 Hex            0%         N/A       100%        7


Dungeon Overview and Level Annotations

Branches:
Dungeon (1/15)

Altars:


Innate Abilities, Weirdness & Mutations

You cannot be hasted, slowed, berserked, paralysed or teleported.
You can dig through walls and to a lower floor.
You have a pair of large antennae on your head. (SInv)
Your four strong arms can wield two-handed weapons with a shield.


Message History

Confirm with . or Enter, or press ? or * to list all spells.
Aiming: Magic Dart (safe; 4% risk of failure)
Press: ? - help, Shift-Dir - straight line, f - endoplasm
Aim: an endoplasm (asleep, 100% to hit)
The magic dart hits the endoplasm.
The endoplasm is lightly wounded.
The kobold shouts!
A goblin comes into view. It is wielding a +0 dagger.
Casting: Magic Dart (safe; 4% risk of failure)
Confirm with . or Enter, or press ? or * to list all spells.
Aiming: Magic Dart (safe; 4% risk of failure)
Press: ? - help, Shift-Dir - straight line, f/p - endoplasm
Aim: an endoplasm (lightly wounded, 100% to hit)
You miscast Magic Dart.
You are very lightly contaminated with residual magic.
Nothing appears to happen.
The goblin shouts!
Casting: Magic Dart (safe; 4% risk of failure)
Confirm with . or Enter, or press ? or * to list all spells.
Aiming: Magic Dart (safe; 4% risk of failure)
Press: ? - help, Shift-Dir - straight line, f/p - endoplasm
Aim: an endoplasm (lightly wounded, 100% to hit)
The magic dart hits the endoplasm.
The endoplasm is moderately wounded.
Casting: Magic Dart (safe; 4% risk of failure)
Confirm with . or Enter, or press ? or * to list all spells.
You don't have enough magic to cast this spell.
Unknown command.
Casting: Magic Dart (safe; 4% risk of failure)
Confirm with . or Enter, or press ? or * to list all spells.
You don't have enough magic to cast this spell.
Unknown command.
You close the door.
You start resting.
A kobold opens the door.
It is wielding a +0 short sword.
You hit the endoplasm but do no damage.
The endoplasm is moderately wounded.
The endoplasm barely misses you.
You barely miss the endoplasm. You punch the endoplasm.
The endoplasm is almost dead.
The endoplasm freezes you.
You are frozen.
You barely miss the endoplasm.
The endoplasm is almost dead.
The endoplasm completely misses you.
Your magical contamination has completely faded away.
You hit the endoplasm.
You kill the endoplasm!
You have reached level 2!
Casting: Magic Dart (safe; 4% risk of failure)
Confirm with . or Enter, or press ? or * to list all spells.
You don't have enough magic to cast this spell.
Unknown command.
The kobold attacks as you move away!
The kobold hits you with a +0 short sword.
Unknown command.
You hit the kobold but do no damage. Your punch misses the kobold.
The kobold hits you with a +0 short sword.
* * * LOW HITPOINT WARNING * * *
You hit the kobold but do no damage.
The kobold hits you with a +0 short sword.
* * * LOW HITPOINT WARNING * * *
You barely miss the kobold.
The kobold hits you with a +0 short sword.
* * * LOW HITPOINT WARNING * * *
You hit the kobold but do no damage. The kobold hits you but does no damage.
You barely miss the kobold.
The kobold hits you with a +0 short sword.
* * * LOW HITPOINT WARNING * * *
You hit the kobold but do no damage.
The kobold hits you with a +0 short sword.
* * * LOW HITPOINT WARNING * * *
Casting: Magic Dart (safe; 4% risk of failure)
Confirm with . or Enter, or press ? or * to list all spells.
Aiming: Magic Dart (safe; 4% risk of failure)
Press: ? - help, Shift-Dir - straight line, f - kobold
Aim: a kobold, wielding a +0 short sword (100% to hit)
The magic dart hits the kobold.
The kobold is moderately wounded.
The kobold closely misses you.
You hit the kobold but do no damage.
The kobold is moderately wounded.
The kobold closely misses you.
You closely miss the kobold.
The kobold is moderately wounded.
The kobold hits you with a +0 short sword.
* * * LOW HITPOINT WARNING * * *
You hit the kobold but do no damage.
The kobold is moderately wounded.
The kobold barely misses you.
You hit the kobold but do no damage.
The kobold is moderately wounded.
The kobold closely misses you.
You hit the kobold but do no damage.
The kobold is moderately wounded.
The kobold barely misses you.
You hit the kobold but do no damage.
The kobold is moderately wounded.
The kobold hits you with a +0 short sword.
You die...

#.........
#######... .
#### .. ## ...
##. .... ##..
..... ####..⌠
......#####
##......
......gK@.##
#..###..
......###..##
#.## ### .....
##..#### #.#
....
##....###.# #
...
####.....######
.. ###.........
. #.#######.
#.# ## #.# #


You could see a goblin and a kobold.

Vanquished Creatures
  A ball python (D:1)
  2 endoplasms (D:1)
  A hobgoblin (D:1)
  A bat (D:1)
5 creatures vanquished.

Notes
Turn   | Place    | Note
-------+----------+-------------------------------------------
     0 | D:1      | Dani the Formicid Conjurer began the quest for the Orb.
     0 | D:1      | Reached XP level 1. HP: 13/13 MP: 3/3
   134 | D:1      | Reached skill level 1 in Axes
   572 | D:1      | Reached XP level 2. HP: 14/19 MP: 0/5
   578 | D:1      | HP: 4/19 [kobold/+0 short sword (1)]
   585 | D:1      | Slain by a kobold

Illustrated notes

Levels and vault maps discovered:
D:1:      dpeg_arrival_leaves_temple_mockup, layout_basic,
          dreamdust_ecumenical_altar_statues, minmay_pentomino_r2

Skill      XL: |  1 |
---------------+----+-----
Axes           | 1 |  1.4
Dodging        | |  1.7
Stealth        | |  2.4
Spellcasting   | |  2.1
Conjurations   | |  3.6

Action                   || total
-------------------------++-------
Melee: Unarmed           ||    34
       Punch             ||     1
 Cast: Magic Dart        ||    14
Armor: Robe              ||    16
Dodge: Dodged            ||    27

Table legend: (Time is in decaauts)
 A = Elapsed time spent in this place.
 B = Non-inter-level travel time spent in this place.
 C = Inter-level travel time spent in this place.
 D = Time resting spent in this place.
 E = Time spent auto-exploring this place.
 F = Levels seen in this place.
 G = Mean time per level.
                   A        B        C        D        E       F      G
               +--------+--------+--------+--------+--------+-----+--------+
         Total |    585 |    585 |      0 |     33 |    445 |   1 |  585.0 |
       Dungeon |    585 |    585 |      0 |     33 |    445 |   1 |  585.0 |
               +--------+--------+--------+--------+--------+-----+--------+

Top non-repeatable levels by time:
     D:1: 585 daAuts

Table legend:
 A = Kills in this place as a percentage of kills in entire the game.
 B = Kills by you in this place as a percentage of kills by you in the entire game.
 C = Kills by friends in this place as a percentage of kills by friends in the entire game.
 D = Other kills in this place as a percentage of other kills in the entire game.
 E = Experience gained in this place as a percentage of experience gained in the entire game.
 F = Experience gained in this place divided by the number of levels of this place that you have seen.
                   A       B       C       D       E      F
               +-------+-------+-------+-------+-------+----------------------
         Total | 100.0 | 100.0 |   N/A |   N/A | 100.0 |   9.0
       Dungeon | 100.0 | 100.0 |   N/A |   N/A | 100.0 |   9.0
               +-------+-------+-------+-------+-------+----------------------
